 Dungeon Crawl Stone Soup version 0.30-a0-29-g142975f185 (webtiles) character file.

Game seed: 5582124449496704729

4374 frimble the Trooper (level 10, -11/79 HPs)
             Began as a Demonspawn Air Elementalist on Aug 26, 2022.
             Mangled by a vault guard
             ... wielding a +0 broad axe
              (19 damage)
             ... in a bailey.
             The game lasted 00:12:34 (8161 turns).

frimble the Trooper (Demonspawn Air Elementalist)   Turns: 8161, Time: 00:12:35

Health: -11/79     AC:  6    Str: 15    XL:     10   Next: 13%
Magic:  4/13       EV: 12    Int: 18    God:
Gold:   234        SH:  0    Dex: 19    Spells: 8/13 levels left

rFire   + . .      SeeInvis .    A - +6 scimitar (spect)
rCold   . . .      Faith    .    (no shield)
rNeg    . . .      Spirit   .    a - +0 robe
rPois   .          Reflect  .    q - +0 helmet
rElec   .          Harm     .    (no cloak)
rCorr   .          Rampage  .    B - +0 pair of gloves {Dex+3}
Will    .....                    (no boots)
Stlth   +++.......               (no amulet)
HPRegen 0.23/turn                f - ring of protection from fire
MPRegen 0.13/turn                s - +6 ring of strength

@: invisible
A: molten scales 1, spiny 2, demonic magic 2, hooves 1, sense surroundings 1
a: no special abilities


You were in a bailey.
You visited 1 branch of the dungeon, and saw 7 of its levels.
You also visited: Bailey.

You collected 234 gold pieces.

Inventory:

Hand Weapons
 w - a +4 short sword of freezing
 A - a +6 spectral scimitar (weapon)
Armour
 a - a +0 robe (worn)
 q - a +0 helmet (worn)
 u - a +3 kite shield
 y - a +0 pair of gloves
 B - a +0 pair of gloves of dexterity (worn)
Jewellery
 f - a ring of protection from fire (left hand)
 m - a ring of ice
 s - a +6 ring of strength (right hand)
Wands
 t - a wand of charming (9)
Scrolls
 g - 2 scrolls of vulnerability
 i - 8 scrolls of teleportation
 v - 2 scrolls of enchant armour
 x - a scroll of enchant weapon
 D - a scroll of poison
Potions
 b - a potion of magic
 e - 2 potions of degeneration
 h - 4 potions of mutation
 j - a potion of ambrosia
 k - 3 potions of flight
 l - 2 potions of curing
 n - 2 potions of resistance
 o - a potion of invisibility
 r - 3 potions of cancellation
 z - a potion of haste {unknown}
 C - a potion of lignification {unknown}


   Skills:
 - Level 7.0 Fighting
 - Level 3.0(4.4) Short Blades
 + Level 5.0(5.4) Long Blades
 - Level 1.8 Dodging
 - Level 3.0 Stealth
 + Level 3.6 Shields
 - Level 2.0 Spellcasting
 - Level 6.3 Conjurations
 - Level 2.7 Air Magic
 - Level 5.6 Earth Magic
 + Level 3.9 Evocations


You had 8 spell levels left.
You knew the following spells:

 Your Spells              Type           Power      Damage    Failure   Level
a - Shock                 Conj/Air       72%        1d7       2%          1
b - Apportation           Tloc           2%         N/A       19%         1
c - Stone Arrow           Conj/Erth      46%        3d9       4%          3

Your spell library contained the following spells:

 Spells                   Type           Power      Damage    Failure   Level
 Static Discharge         Conj/Air       36%        3-6/arc   4%          2
 Swiftness                Air            11%        N/A       19%         3
 Animate Armour           Summ/Erth      22%        N/A       50%         4
 Airstrike                Air            5%         2d(1-17)  52%         4
 Alistair's Intoxication  Tmut/Pois      0%         N/A       99%         5
 Lehudib's Crystal Spear  Conj/Erth      11%        10d4      100%        8


Dungeon Overview and Level Annotations

Branches:
Dungeon (7/15)             Temple (0/1) D:4          Bailey (1/1)

Altars:
Makhleb


Innate Abilities, Weirdness & Mutations

You are partially covered in molten scales. (AC +2)
You are mostly covered in sharp spines.
Spells you cast may paralyse nearby enemies.
You have large cloven feet.
You passively map a small area around you.


Message History

The vault guard is moderately wounded.
Malevolent energies surge around you.
The vault guard is struck by your spines.
The vault guard hits you with a +0 broad axe!
Aiming: Shock (safe; 2% risk of failure)
Press: ? - help, Q - select action, (/) - cycle Shift-Dir - straight line, f/p - vault guard
Aim: a vault guard, wielding a +0 broad axe and wearing a +0 plate armour (moderately wounded, 71% to hit)
The zap hits the vault guard.
The vault guard is moderately wounded.
Malevolent energies surge around you.
The vault guard hits you with a +0 broad axe!
* * * LOW HITPOINT WARNING * * *
Aiming: Shock (safe; 2% risk of failure)
Press: ? - help, Q - select action, (/) - cycle Shift-Dir - straight line, f/p - vault guard
Aim: a vault guard, wielding a +0 broad axe and wearing a +0 plate armour (moderately wounded, 71% to hit)
The zap misses the vault guard.
Malevolent energies surge around you.
The vault guard hits you with a +0 broad axe.
* * * LOW HITPOINT WARNING * * *
Okay, then.
Okay, then.
Unknown command.
Okay, then.
Unknown command.
Okay, then.
Unknown command.
Okay, then.
You fade into invisibility!
The vault guard hits you with a +0 broad axe!
* * * LOW HITPOINT WARNING * * *
Okay, then.
You feel better.
The vault guard hits you with a +0 broad axe!
* * * LOW HITPOINT WARNING * * *
Okay, then.
Aiming: Shock (safe; 2% risk of failure)
Press: ? - help, Q - select action, (/) - cycle Shift-Dir - straight line, f/p - vault guard
Aim: a vault guard, wielding a +0 broad axe and wearing a +0 plate armour (moderately wounded, 71% to hit)
The zap misses the vault guard.
Malevolent energies surge around you.
The vault guard hits you with a +0 broad axe!!
You die...

##~# .. #≈##
#~~~##'##~~≈##
~~~.....~.~~≈#
....~.~...~~≈##
≈≈≈~.....~~~~≈#
###≈~...~.~~~≈#
~##≈~....~~~≈#
~#≈~~p..~~~≈# *
##≈~@..~~~≈#
#≈~..~~~≈## ~,
#≈÷÷~≈≈~≈# ,
##≈~)≈##≈##,
#≈~..≈####
#≈~..≈#..+ ,
###'###..####+##
#.....#...##~~~##
#.....#.).#~~~~~#


You could see a vault guard.

Vanquished Creatures
  A vault guard (Bailey)
  Prince Ribbit (Bailey)
  A human (Bailey)
  Menkaure (D:6)
  3 water moccasins
  Duvessa (D:6)
  A black bear (D:7)
  An orc warrior (D:6)
  An ice beast (D:6)
  A phantom (D:7)
  A kobold brigand (D:6)
  9 bullfrogs (Bailey)
  A necrophage (D:4)
  A scorpion (D:5)
  Dowan (D:6)
  13 wights
  2 jellies (D:6)
  An orc priest (D:6)
  6 hounds
  A gnoll bouda (D:7)
  8 iguanas
  3 orc wizards (D:6)
  Robin (D:4)
  5 gnolls
  10 adders
  A white imp (D:6)
  2 ufetubi (D:5)
  A worm (D:3)
  3 dart slugs
  17 orcs
  3 endoplasms
  2 giant cockroaches (D:2)
  29 goblins
  7 hobgoblins
  6 jackals
  11 kobolds
  A quokka (D:1)
  7 ball pythons
  5 bats
  5 frilled lizards
  2 rats
177 creatures vanquished.

Vanquished Creatures (collateral kills)
  A wyvern (D:5)
1 creature vanquished.

Vanquished Creatures (others)
  4 plants (D:6)
4 creatures vanquished.

Grand Total: 182 creatures vanquished

Notes
Turn   | Place    | Note
-------+----------+-------------------------------------------
     0 | D:1      | frimble the Demonspawn Air Elementalist began the quest for
                  | the Orb.
     0 | D:1      | Reached XP level 1. HP: 13/13 MP: 3/3
   422 | D:1      | Gained mutation: Spells you cast may paralyse adjacent
                  | enemies. [demonic ancestry]
   422 | D:1      | Reached XP level 2. HP: 13/19 MP: 3/5
  1392 | D:2      | Reached skill level 1 in Short Blades
  1392 | D:2      | Reached XP level 3. HP: 21/24 MP: 3/6
  1591 | D:2      | Found a burning altar of Makhleb.
  1890 | D:2      | Learned a level 1 spell: Apportation
  2227 | D:3      | Gained mutation: You are partially covered in molten
                  | scales. (AC +2) [demonic ancestry]
  2227 | D:3      | Reached XP level 4. HP: 30/30 MP: 7/7
  3137 | D:4      | Gained mutation: Spells you cast may paralyse nearby
                  | enemies. [demonic ancestry]
  3137 | D:4      | Reached XP level 5. HP: 35/35 MP: 2/8
  3143 | D:4      | Learned a level 3 spell: Stone Arrow
  3319 | D:4      | Found a staircase to the Ecumenical Temple.
  3569 | D:4      | Noticed Robin
  3586 | D:4      | Killed Robin
  4065 | D:4      | Reached XP level 6. HP: 29/42 MP: 6/9
  4222 | D:4      | Reached skill level 1 in Earth Magic
  4463 | D:5      | Entered Level 5 of the Dungeon
  4487 | D:5      | Reached skill level 1 in Fighting
  5107 | D:5      | Reached skill level 2 in Fighting
  5338 | D:5      | Noticed a wyvern
  5348 | D:5      | Killed a wyvern
  5349 | D:5      | Reached XP level 7. HP: 36/51 MP: 5/10
  5445 | D:5      | Reached skill level 5 in Conjurations
  5544 | D:5      | Reached skill level 3 in Fighting
  5549 | D:5      | Gained mutation: You have large cloven feet. [potion of
                  | mutation]
  5549 | D:5      | Gained mutation: You passively map a small area around you.
                  | [potion of mutation]
  5856 | D:5      | Gained mutation: You are partially covered in sharp spines.
                  | [demonic ancestry]
  5856 | D:5      | Reached XP level 8. HP: 60/60 MP: 7/11
  6041 | D:6      | Reached skill level 4 in Fighting
  6529 | D:6      | Reached skill level 5 in Fighting
  6529 | D:6      | Reached skill level 1 in Long Blades
  6609 | D:6      | Reached skill level 5 in Earth Magic
  6680 | D:6      | Noticed Duvessa
  6682 | D:6      | Noticed Dowan
  6685 | D:6      | Killed Duvessa
  6688 | D:6      | Killed Dowan
  6689 | D:6      | Reached XP level 9. HP: 52/68 MP: 10/12
  7019 | D:6      | Noticed Menkaure
  7025 | D:6      | Killed Menkaure
  7186 | D:6      | Reached skill level 6 in Fighting
  7484 | D:7      | Reached skill level 1 in Shields
  7484 | D:7      | Reached skill level 1 in Evocations
  7527 | D:7      | Found a flagged portal.
  7553 | Bailey   | Entered a bailey
  7908 | Bailey   | Noticed Prince Ribbit
  7916 | Bailey   | Killed Prince Ribbit
  7917 | Bailey   | Reached skill level 7 in Fighting
  7917 | Bailey   | Noticed a vault guard
  8083 | Bailey   | Killed a vault guard
  8084 | Bailey   | Reached skill level 5 in Long Blades
  8084 | Bailey   | Gained mutation: You are mostly covered in sharp spines.
                  | [demonic ancestry]
  8084 | Bailey   | Reached XP level 10. HP: 68/79 MP: 7/13
  8090 | Bailey   | Noticed a vault guard
  8161 | Bailey   | Mangled by a vault guard

Illustrated notes

Levels and vault maps discovered:
D:1:      co_arrival_two_rings, layout_loops_cross
D:2:      layout_rooms, basic_altar, kennysheep_flooded_box
D:3:      layout_rooms, grunt_ministairs_15, st_stairs_14
D:4:      layout_loops_ring, minmay_temple_entry_wispy, uniq_robin
D:5:      cheibrodos_barr_body, layout_rooms
D:6:      layout_loops_corners, kennysheep_little_box, serial_bayou_crossing,
          uniq_duvessa, uniq_menkaure
D:7:      layout_basic, enter_bailey_5
Bailey:   bailey_axe_froggy_fort_hellmonk, bailey

Skill      XL: |  1  2  3  4  5  6  7  8  9 |
---------------+----------------------------+-----
Conjurations   | 2 3 4 5 6 |  6.3
Short Blades   | 1 2 3 |  3.0
Stealth        | 2 3 |  3.0
Earth Magic    | 2 3 5 |  5.6
Fighting       | 2 3 5 7 |  7.0
Long Blades    | 2 5 |  5.0
Shields        | 3 |  3.6
Evocations     | 3 |  3.9
Dodging        | |  1.8
Spellcasting   | |  2.0
Air Magic      | |  2.7

Action                   |  1- 3 |  4- 6 |  7- 9 | 10-12 || total
-------------------------+-------+-------+-------+-------++-------
Melee: Short sword       |    58 |   111 |    41 |       ||   210
       Punch             |       |     1 |     2 |       ||     3
       Scimitar          |       |       |    83 |       ||    83
       Kick              |       |       |    33 |       ||    33
 Cast: Shock             |    34 |    63 |    36 |    10 ||   143
       Apportation       |       |     1 |       |       ||     1
Evoke: Wand              |       |       |     2 |       ||     2
  Use: Scroll            |     7 |     4 |     6 |       ||    17
       Potion            |       |       |     5 |     2 ||     7
 Stab: Paralysed         |     9 |    21 |    16 |       ||    46
       Sleeping          |     6 |    10 |     9 |       ||    25
Armor: Robe              |    18 |    24 |    36 |     1 ||    79
Dodge: Dodged            |    44 |    78 |    72 |       ||   194

Table legend: (Time is in decaauts)
 A = Elapsed time spent in this place.
 B = Non-inter-level travel time spent in this place.
 C = Inter-level travel time spent in this place.
 D = Time resting spent in this place.
 E = Time spent auto-exploring this place.
 F = Levels seen in this place.
 G = Mean time per level.
                   A        B        C        D        E       F      G
               +--------+--------+--------+--------+--------+-----+--------+
         Total |   8191 |   7892 |    299 |    160 |   6502 |   8 | 1023.9 |
       Dungeon |   7577 |   7278 |    299 |     41 |   6124 |   7 | 1082.4 |
        Bailey |    613 |    613 |      0 |    119 |    378 |   1 |  613.0 |
               +--------+--------+--------+--------+--------+-----+--------+

Top non-repeatable levels by time:
     D:5: 1494 daAuts
     D:6: 1436 daAuts
     D:1: 1387 daAuts
     D:4: 1267 daAuts
     D:3: 970 daAuts
     D:2: 840 daAuts
  Bailey: 613 daAuts
     D:7: 181 daAuts
